 Dungeon Crawl Stone Soup version 0.28-a0-1190-g77e1c55843 (webtiles) character file.

Game seed: 7467708729529700408

44 fragbeetle the Chiller (level 3, 0/26 HPs)
             Began as a Merfolk Ice Elementalist on Dec 18, 2021.
             Slain by Ijyb (1 damage)
             ... on level 3 of the Dungeon.
             The game lasted 00:04:44 (1597 turns).

fragbeetle the Chiller (Merfolk Ice Elementalist)   Turns: 1597, Time: 00:04:45

Health: 0/26       AC:  2    Str: 10    XL:     3   Next: 60%
Magic:  2/6        EV: 13    Int: 14    God:
Gold:   42         SH:  0    Dex: 14    Spells: 2/6 levels left

rFire   . . .      SeeInvis .   j - +2 short sword (vamp)
rCold   . . .      Faith    .   (no shield)
rNeg    . . .      Spirit   .   a - +0 robe
rPois   .          Reflect  .   (no helmet)
rElec   .          Harm     .   (no cloak)
rCorr   .          Rampage  .   (no gloves)
Will    .....                   (no boots)
Stlth   ++........              (no amulet)
HPRegen 0.08/turn               (no ring)
MPRegen 0.10/turn               (no ring)

@: no status effects
A: (nimble swimmer 2), mertail
a: no special abilities


You were on level 3 of the Dungeon.
You visited 1 branch of the dungeon, and saw 3 of its levels.

You collected 42 gold pieces.

Inventory:

Hand Weapons
 j - a +2 vampiric short sword (weapon)
Missiles
 c - 17 poisoned darts
 h - 16 stones
Armour
 a - a +0 robe (worn)
Scrolls
 b - a scroll of amnesia {unknown}
 d - a scroll of noise {unknown}
 f - a scroll of enchant armour {unknown}
 g - a scroll of silence {unknown}
 k - a scroll of identify {unknown}
 l - a scroll of blinking {unknown}
Potions
 e - 2 potions of curing {unknown}
 i - a potion of invisibility {unknown}


   Skills:
 + Level 1.5 Fighting
 + Level 3.5 Dodging
 - Level 2.1 Stealth
 + Level 2.4 Spellcasting
 + Level 4.7 Ice Magic


You had 2 spell levels left.
You knew the following spells:

 Your Spells              Type           Power      Damage    Failure   Level
a - Freeze                Ice            56%        1d7       3%          1
b - Frozen Ramparts       Ice            28%        1d4       10%         3

Your spell library contained the following spells:

 Spells                   Type           Power      Damage    Failure   Level
 Ozocubu's Armour         Ice            14%        N/A       10%         3
 Hailstorm                Conj/Ice       8%         3d4       65%         4


Dungeon Overview and Level Annotations

Branches:
Dungeon (3/15)

Altars:

Shops:
D:3 (

Annotations:
D:3 Ijyb


Innate Abilities, Weirdness & Mutations

((You are quick and stealthy near water. (Stealth+, EV+, Speed+++)))
Your lower body shifts to a powerful aquatic tail in water.


Message History

You kill the bat!
Ijyb the Twisted Goblin comes into view.
She is wielding a +0 dagger and carrying a wand of flame (3).
Ijyb shouts!
Ijyb zaps a wand.
The puff of flame misses you.
You freeze Ijyb.
Ijyb is lightly wounded.
Ijyb hits you with a +0 dagger.
You freeze Ijyb.
Ijyb is moderately wounded.
Ijyb misses you.
You freeze Ijyb!
Ijyb is heavily wounded.
Ijyb screams, "I dance on your bones!" Ijyb closely misses you.
You freeze Ijyb.
Ijyb is severely wounded.
Ijyb screams, "I cut your head off!"
Ijyb zaps a wand.
The puff of flame hits you!
You freeze Ijyb.
Ijyb is severely wounded.
Ijyb zaps a wand.
The puff of flame hits you!
* * * LOW HITPOINT WARNING * * *
The now-empty wand crumbles to dust.
You are too injured to fight recklessly!
You hit Ijyb.
You feel better.
Ijyb is severely wounded.
Ijyb closely misses you.
You hit Ijyb but do no damage.
Ijyb is severely wounded.
Ijyb barely misses you.
You hit Ijyb but do no damage.
Ijyb is severely wounded.
Ijyb hits you with a +0 dagger.
* * * LOW HITPOINT WARNING * * *
You barely miss Ijyb.
Ijyb is severely wounded.
Ijyb hits you with a +0 dagger.
* * * LOW HITPOINT WARNING * * *
Ijyb hits you with a +0 dagger.
You die...

# ..... ## .....
#. +..(.... #.## #
.......# # #..#.#
#...#.#. #.##@#.#
#...#.#. #....g.#
#...#.#. ####.###
+...+... #.#
####...#.#.
#.######........##
#.##..............
#.##...........###
#.##..............
#.##..............


You could see Ijyb.

Vanquished Creatures
  2 adders (D:2)
  A dart slug (D:1)
  5 bats
  3 endoplasms (D:1)
  2 giant cockroaches (D:2)
  A hobgoblin (D:1)
  A kobold (D:2)
  A quokka (D:2)
  2 ball pythons
  A frilled lizard (D:2)
  3 goblins
  A rat (D:1)
23 creatures vanquished.

Notes
Turn   | Place    | Note
-------+----------+-------------------------------------------
     0 | D:1      | fragbeetle the Merfolk Ice Elementalist began the quest for
                  | the Orb.
     0 | D:1      | Reached XP level 1. HP: 13/13 MP: 3/3
   268 | D:1      | Reached XP level 2. HP: 20/20 MP: 1/5
   320 | D:1      | Found a faded altar of an unknown god.
   916 | D:2      | Reached skill level 1 in Fighting
   952 | D:2      | Reached XP level 3. HP: 26/26 MP: 3/6
  1538 | D:3      | Found Pesa Zott's Weapon Emporium.
  1552 | D:3      | Learned a level 3 spell: Frozen Ramparts
  1585 | D:3      | Noticed Ijyb
  1597 | D:3      | HP: 1/26 [Ijyb (3)]
  1597 | D:3      | Slain by Ijyb

Illustrated notes

Levels and vault maps discovered:
D:1:      co_arrival_square_in_a_square_in_a_square, layout_basic,
          chequers_ecumenical_altar_simple
D:2:      layout_rooms, serial_curves, eino_curves_02, eino_curves_03
D:3:      layout_basic, serial_shops, shop, uniq_sigmund, uniq_ijyb, uniq_robin

Skill      XL: |  1  2 |
---------------+-------+-----
Dodging        | 3 |  3.5
Fighting       | 1 |  1.5
Stealth        | |  2.1
Spellcasting   | |  2.4
Ice Magic      | |  4.7

Action                   || total
-------------------------++-------
Melee: Dagger            ||    11
       Short sword       ||    12
 Cast: Freeze            ||    41
Armor: Robe              ||    11
Dodge: Dodged            ||    42

Table legend: (Time is in decaauts)
 A = Elapsed time spent in this place.
 B = Non-inter-level travel time spent in this place.
 C = Inter-level travel time spent in this place.
 D = Time resting spent in this place.
 E = Time spent auto-exploring this place.
 F = Levels seen in this place.
 G = Mean time per level.
                   A        B        C        D        E       F      G
               +--------+--------+--------+--------+--------+-----+--------+
         Total |   1596 |   1596 |      0 |    203 |    916 |   3 |  532.0 |
       Dungeon |   1596 |   1596 |      0 |    203 |    916 |   3 |  532.0 |
               +--------+--------+--------+--------+--------+-----+--------+

Top non-repeatable levels by time:
     D:1: 878 daAuts
     D:2: 646 daAuts
     D:3: 71 daAuts
